 Dungeon Crawl Stone Soup version 0.30.0-29-ga12c61a403 (webtiles) character file.

Game seed: 14545961317449929403

101 monsoonserge the Ruffian (level 4, 0/36 HPs)
             Began as a Ghoul Gladiator on June 10, 2023.
             Was a Believer of Dithmenos.
             Slain by a black bear (1 damage)
             ... on level 4 of the Dungeon.
             The game lasted 00:05:20 (1966 turns).

monsoonserge the Ruffian (Ghoul Gladiator)          Turns: 1966, Time: 00:05:21

Health: 0/36       AC:  7    Str: 16 (19) XL:     4   Next: 75%
Magic:  12/12      EV: 11    Int:  2 (3)  God:    Dithmenos [**....]
Gold:   188        SH:  0    Dex:  8 (10) Spells: 3/3 levels left

rFire   . .          .
                       - Unarmed
rCold   + . .        (no shield)
rNeg    + + +        g - +0 leather armour {Will+}
rPois   ∞            b - +0 helmet
rElec   .            (no cloak)
rCorr   .            (no gloves)
SInv    .            h - +2 pair of boots
Will    +....        (no amulet)
Stlth   +            o - ring of magical power
HPRegen 0.00/turn    (no ring)
MPRegen 0.13/turn

%: no passive effects
@: flying, inhibited regen, wreathed by umbra
A: claws 1, cold resistance 1, negative energy resistance 3, inhibited
regeneration, torment resistance 2, devour on kill
a: Renounce Religion, Shadow Step


You were on level 4 of the Dungeon.
You worshipped Dithmenos.
Dithmenos was pleased with you.
You visited 1 branch of the dungeon, and saw 4 of its levels.

You collected 188 gold pieces.

Inventory:

Missiles
 c - 3 throwing nets
 d - a javelin
 n - 11 poisoned darts (quivered)
Armour
 b - a +0 helmet (worn)
 g - a +0 leather armour of willpower (worn)
 h - a +2 pair of boots (worn)
 i - a +0 chain mail
 l - a +0 ring mail
Jewellery
 o - a ring of magical power (left claw)
Wands
 s - a wand of mindburst (13)
Scrolls
 a - a scroll of fear {unknown}
 e - a scroll of blinking {unknown}
 f - 2 scrolls of noise {unknown}
 j - 2 scrolls of identify {unknown}
 p - 3 scrolls of teleportation {unknown}
 t - a scroll of immolation {unknown}
 v - a scroll of poison {unknown}
Potions
 u - a potion of mutation


   Skills:
 + Level 2.2 Fighting
 + Level 1.8 Throwing
 + Level 0.8 Armour
 + Level 2.9 Dodging
 + Level 0.2 Stealth
 * Level 5.4 Unarmed Combat


You had 3 spell levels left.
You didn't know any spells.
Your spell library contained the following spells:

 Spells                   Type           Power      Damage    Failure   Level
 Petrify                  Tmut/Erth      0%         N/A       100%        4
 Irradiate                Conj/Tmut      0%         3d11      100%        5
 Sublimation of Blood     Necr           Unusable   N/A       N/A         2

Dungeon Overview and Level Annotations

Branches:
Dungeon (4/15)
 Temple: D:4-7

Altars:
Dithmenos

Portals:
Sewer: D:4


Innate Abilities, Weirdness & Mutations

You are immune to poison.
You have sharp fingernails.
Your flesh is cold resistant. (rC+)
You are immune to negative energy. (rN+++)
You do not regenerate when monsters are visible.
You are immune to unholy pain and torment.
You thrive by killing the living.


Message History

You feel very buoyant.
You fly up into the air.
The river rat barely misses you.
The gnoll hits you from afar with a +0 spear.
* * * LOW HITPOINT WARNING * * *
You feel better.
The river rat bites you but does no damage.
The gnoll hits you but does no damage.
You scratch the river rat but do no damage.
Your claw misses the river rat.
The river rat is heavily wounded.
The river rat bites you but does no damage.
You closely miss the river rat.
The river rat is heavily wounded.
The howler monkey hoots and howls with incredible vigour!
The river rat closely misses you.
You hear a bark!
You claw the river rat!
You kill the river rat!
Dithmenos accepts your kill.
The gnoll hits you from afar with a +0 spear.
* * * LOW HITPOINT WARNING * * *
Unknown command.
Aiming: Mindburst
Press: ? - help, Shift-Dir - straight line, f - gnoll
Aim: a gnoll, wielding a +0 spear (umbra, chance to affect: 72%)
Okay, then.
You hear the slow rusting of a drain very nearby.
You hear the slow hiss of a distant avalanche of sand.
A black bear comes into view.
The black bear growls angrily.
The black bear bites you but does no damage.
The black bear claws you but does no damage.
The black bear claws you.
* * * LOW HITPOINT WARNING * * *
The black bear bites you.
* * * LOW HITPOINT WARNING * * *
The black bear claws you.
* * * LOW HITPOINT WARNING * * *
The black bear claws you.
You die...

#..r.##### ##.#####..
##.##..r..### #...# ###
##g.######g..## ###># ##..##
###g.### #.# ##..## ##...#
#.#
##..##############.###.#####
#......†.......g.g..........
########.B...#####.###...###
######..@h# #...###...#
#∩~~~.....# ###.# ##.#
#~~~~.....# ..# ..
#~~~.......... ... .
#~~~..>...#### ##.
#~...^....# ###.......#
#..##..## ... #.#


You could see a black bear and a giant cockroach.

Vanquished Creatures
  A river rat (D:4)
  3 adders
  A worm (D:2)
  4 dart slugs
  An orc (D:3)
  2 ball pythons
  5 endoplasms
  5 giant cockroaches
  6 goblins
  5 hobgoblins
  2 jackals
  A quokka (D:1)
  4 bats
  2 frilled lizards
  3 kobolds
  6 rats
51 creatures vanquished.

Notes
Turn   | Place    | Note
-------+----------+-------------------------------------------
     0 | D:1      | monsoonserge the Ghoul Gladiator began the quest for the
                  | Orb.
     0 | D:1      | Reached XP level 1. HP: 17/17 MP: 0/0
    37 | D:1      | Found a faded altar of an unknown god.
    59 | D:1      | Prayed at the altar of an unknown god.
    59 | D:1      | Became a worshipper of Dithmenos the Shadowed
    59 | D:1      | Reached * piety under Dithmenos
   166 | D:1      | Reached XP level 2. HP: 24/24 MP: 1/1
   310 | D:1      | Reached skill level 4 in Unarmed Combat
   619 | D:1      | Reached XP level 3. HP: 29/29 MP: 2/2
   796 | D:2      | Reached ** piety under Dithmenos
  1124 | D:2      | Reached skill level 5 in Unarmed Combat
  1124 | D:2      | Reached XP level 4. HP: 36/36 MP: 3/3
  1912 | D:4      | Found a glowing drain.
  1964 | D:4      | Noticed a black bear
  1966 | D:4      | HP: 1/36 [black bear (4)]
  1966 | D:4      | Slain by a black bear

Illustrated notes

Levels and vault maps discovered:
D:1:      dpeg_arrival_tiny_a, layout_basic,
          dreamdust_ecumenical_altar_angels_and_demons,
          corexii_item_surrounded_by_moat
D:2:      layout_loops_ring
D:3:      layout_rooms
D:4:      layout_rooms, lemuel_crystal_altar, enter_ossuary_2,
          portal_sewer_entry_b, uniq_duvessa, uniq_grinder

Skill      XL: |  1  2  3 |
---------------+----------+-----
Unarmed Combat | 4 5 |  5.4
Fighting       | |  2.2
Throwing       | |  1.8
Armour         | |  0.8
Dodging        | |  2.9
Stealth        | |  0.2

Action                     |  1- 3 |  4- 6 || total
---------------------------+-------+-------++-------
  Melee: Unarmed           |    98 |    43 ||   141
         Punch             |     2 |     1 ||     3
    Use: Potion            |       |     6 ||     6
 Armour: Leather armour    |    25 |    20 ||    45
  Dodge: Dodged            |    58 |    45 ||   103
